 Dungeon Crawl Stone Soup version 0.23.1-37-gaa34b87 (webtiles) character file.

Game seed: 3869148838407152627

8472 Kairos the Cleaver (level 11, 0/97 HPs)
             Began as a Hill Orc Fighter on Mar 25, 2019.
             Was a High Priest of Okawaru.
             Slain by an ettin
             ... wielding a +0 dire flail
              (10 damage)
             ... on level 10 of the Dungeon.
             The game lasted 00:16:49 (8263 turns).

Kairos the Cleaver (Hill Orc Fighter)               Turns: 8263, Time: 00:16:50

Health: 0/97       AC: 23    Str: 28    XL:     11   Next: 31%
Magic:  11/11      EV:  4    Int:  8    God:    Okawaru [*****.]
Gold:   322        SH: 12    Dex: 10    Spells: 10/10 levels left

rFire    . . .     SeeInvis .   Q - +0 war axe (elec)
rCold    . . .     Gourm    +   c - +0 shield
rNeg     + . .     Faith    .   j - +0 crystal plate armour
rPois    .         Spirit   .   o - +0 helmet
rElec    .         Reflect  .   (no cloak)
rCorr    .         Harm     .   N - +0 pair of gloves
MR       .....                  p - +0 pair of boots {Fly}
Stlth    ..........             h - amulet of the gourmand
HPRegen  0.26/turn              m - ring of positive energy
MPRegen  0.12/turn              r - +5 ring of strength

@: about to teleport, flying
A: no striking features
a: Heroism, Finesse, Renounce Religion, Stop Flying


You were on level 10 of the Dungeon.
You worshipped Okawaru.
Okawaru was extremely pleased with you.
You were not hungry.

You visited 2 branches of the dungeon, and saw 11 of its levels.

You collected 539 gold pieces.
You spent 217 gold pieces at shops.

Inventory:

Hand Weapons
 a - a +3 war axe
 t - a +1 whip of venom
 G - a +6 flail of draining
 M - a +2 flail of holy wrath
 Q - a +0 war axe of electrocution (weapon)
Missiles
 x - 11 tomahawks (quivered)
 V - 2 throwing nets
Armour
 b - a +0 scale mail
 c - a +0 shield (worn)
 j - a +0 crystal plate armour (worn)
 o - a +0 helmet (worn)
 p - a +0 pair of boots of flying (worn)
 z - a +4 scale mail
 N - a +0 pair of gloves (worn)
Jewellery
 h - an amulet of the gourmand (around neck)
 m - a ring of positive energy (left hand)
 r - a +5 ring of strength (right hand)
Wands
 A - a wand of acid (9)
 D - a wand of flame (10)
 F - a wand of random effects (39)
 H - a wand of disintegration (12)
 L - a wand of polymorph (10)
Scrolls
 e - 2 scrolls of teleportation
 g - 3 scrolls of noise {unknown}
 i - 5 scrolls of remove curse
 k - 2 scrolls of fog {unknown}
 n - a scroll of immolation {unknown}
 w - 2 scrolls of amnesia {unknown}
 y - 2 scrolls of enchant armour {unknown}
 E - a scroll of magic mapping {unknown}
 I - 2 scrolls of random uselessness {unknown}
 J - 2 scrolls of enchant weapon
 K - a scroll of identify
 T - a scroll of brand weapon {unknown}
 U - a scroll of silence {unknown}
Potions
 d - a potion of might
 l - 3 potions of invisibility
 q - a potion of berserk rage {unknown}
 s - 3 potions of brilliance
 u - 4 potions of lignification
 v - 3 potions of flight
 B - a potion of ambrosia {unknown}
 C - 4 potions of curing
 P - 2 potions of heal wounds {unknown}
 R - a potion of resistance {unknown}
 S - a potion of agility {unknown}
Miscellaneous
 O - a fan of gales
Comestibles
 f - 11 rations


   Skills:
 + Level 9.1 Fighting
 + Level 14.7 Axes
 + Level 8.3 Armour
 + Level 9.4 Shields
 + Level 0.4 Invocations


You had 10 spell levels left.
You didn't know any spells.
Your spell library contained the following spells:

 Spells                   Type           Power        Failure   Level  Hunger
 Beastly Appendage        Tmut           #.....       100%        1    ##.....
 Passwall                 Tmut/Erth      #.......     100%        2    ###....
 Summon Ice Beast         Ice/Summ       #.......     100%        4    #####..
 Blade Hands              Tmut           #.........   100%        5    ######.
 Summon Hydra             Summ           #.........   100%        7    #######


Dungeon Overview and Level Annotations

Branches:
Dungeon (10/15)            Temple (1/1) D:4            Lair (0/6) D:10
    Orc: D:9-12

Altars:
Ashenzari
Cheibriados
Dithmenos
Elyvilon
Gozag
Hepliaklqana
Kikubaaqudgha
Makhleb
Nemelex Xobeh
Okawaru
Qazlal
Ru
Sif Muna
Trog
Uskayaw
Xom
Yredelemnul
Zin
The Shining One

Shops:
D:4 *   D:5 %   D:7 *

Annotations:
D:9 2 transporters


Message History

You hit the ettin but do no damage. You barely miss the ettin.
You block the ettin's attack. x2
You hit the ettin but do no damage. You block the ettin's attack.
The ettin hits you with a +0 dire flail!!
You slash the ettin! Lightning courses through the ettin!
The ettin is heavily wounded.
The ettin hits you with a +0 dire flail!
The ettin hits you with a +0 dire flail!!
You slash the ettin!
The ettin is heavily wounded.
You hit the ettin but do no damage.
The ettin is heavily wounded.
The ettin hits you with a +0 dire flail!
The ettin hits you with a +0 dire flail!!
* * * LOW HITPOINT WARNING * * *
You are too injured to fight recklessly!
As you read the scroll of teleportation, it crumbles to dust.
You feel strangely unstable.
The ettin hits you with a +0 dire flail!
You die...

#........#..............#....
#........#..............#....
#'########....##........#....
#.......##....##........'.... #
##......##....##........#....
######.....รท.......#........#....
....##.............#........#....
....#########.....#######...#..##
....####...##...@.##...######..#
..[.#.#.....#....C#....$#......#
...<#.#.....'..8..'....?#......#
....#.#)....#.....#....$#......##
....#.##...##.....##...##........
.####.#########+#########........
.<..........# #...........###
............# #...........#
.....###'#### ###########.###


You could see an ettin.

Vanquished Creatures
  Harold (D:10)
  A two-headed ogre (D:8)
  An ugly thing (D:9)
  3 trolls
  A hippogriff (D:7)
  A wyvern (D:9)
  Sigmund (D:3)
  2 hungry ghosts
  Menkaure (D:5)
  The ghost of Killmatronix the Skirmisher, an amateur GrWn of Elyvilon (D:3)
  Edmund (D:6)
  2 orc warriors
  5 ice beasts
  A sky beast (D:5)
  3 phantoms
  5 ogres
  2 centaurs
  A crocodile (D:7)
  A big kobold (D:4)
  6 bullfrogs
  A water moccasin zombie (D:8)
  3 scorpions
  A wyvern skeleton (D:10)
  2 water moccasin skeletons
  5 wights (D:5)
  11 killer bees
  5 crimson imps
  2 howler monkeys (D:7)
  A quasit (D:9)
  2 bullfrog zombies
  A centaur zombie (D:5)
  7 orc priests
  5 hounds
  11 orc wizards
  A bullfrog skeleton (D:5)
  A jelly (D:9)
  3 iguanas
  9 worker ants
  A killer bee zombie (D:9)
  7 gnolls
  2 howler monkey skeletons
  12 adders
  A shadow imp (D:7)
  An adder skeleton (D:5)
  4 worms
  4 dart slugs
  12 leopard geckos
  52 orcs
  6 bats
  3 giant cockroaches
  6 goblins
  9 hobgoblins
  20 jackals
  3 quokkas
  12 frilled lizards
  2 jackal zombies (D:3)
  9 kobolds
  A leopard gecko skeleton (D:4)
  A leopard gecko zombie (D:5)
  A quokka skeleton (D:6)
  10 rats
290 creatures vanquished.

Notes
Turn   | Place    | Note
-------+----------+-------------------------------------------
     0 | D:1      | Kairos the Hill Orc Fighter began the quest for the Orb.
     0 | D:1      | Reached XP level 1. HP: 19/19 MP: 1/1
    79 | D:1      | Reached XP level 2. HP: 27/27 MP: 2/2
   108 | D:1      | Reached skill level 3 in Axes
   561 | D:1      | Reached XP level 3. HP: 33/33 MP: 3/3
   836 | D:2      | Reached XP level 4. HP: 37/40 MP: 4/4
   893 | D:2      | Reached skill level 4 in Axes
  1177 | D:2      | Reached XP level 5. HP: 45/46 MP: 5/5
  1226 | D:2      | Found a shadowy altar of Dithmenos.
  1700 | D:3      | Found a transporter.
  1700 | D:3      | Noticed Killmatronix's ghost (amateur GrWn)
  1701 | D:3      | Noticed a hungry ghost
  1705 | D:3      | Found a transporter.
  1807 | D:3      | Found a white marble altar of Elyvilon.
  1913 | D:3      | Reached skill level 5 in Axes
  1953 | D:3      | Found a stormy altar of Qazlal.
  2068 | D:3      | Found a sparkling altar of Nemelex Xobeh.
  2242 | D:3      | Found a snail-covered altar of Cheibriados.
  2274 | D:3      | Noticed Sigmund
  2285 | D:3      | Killed Sigmund
  2285 | D:3      | Reached skill level 6 in Axes
  2285 | D:3      | Reached XP level 6. HP: 49/53 MP: 6/6
  2528 | D:3      | Killed a hungry ghost
  2528 | D:3      | Reached skill level 5 in Fighting
  2528 | D:3      | Reached XP level 7. HP: 61/61 MP: 7/7
  2539 | D:3      | Killed Killmatronix's ghost
  2539 | D:3      | Reached skill level 7 in Axes
  2539 | D:3      | Reached skill level 5 in Shields
  2596 | D:4      | Reached skill level 5 in Armour
  3056 | D:4      | Found a staircase to the Ecumenical Temple.
  3064 | Temple   | Entered the Ecumenical Temple
  3170 | Temple   | Became a worshipper of Warmaster Okawaru
  3265 | D:4      | Found Veaq's Assorted Antiques.
  3312 | D:4      | Found an opulent altar of Gozag.
  3370 | D:4      | Reached XP level 8. HP: 68/70 MP: 8/8
  3374 | D:4      | Reached skill level 8 in Axes
  3817 | D:5      | Entered Level 5 of the Dungeon
  3822 | D:5      | Reached * piety under Okawaru
  3822 | D:5      | Reached skill level 9 in Axes
  4084 | D:5      | Noticed Menkaure
  4107 | D:5      | Killed Menkaure
  4107 | D:5      | Reached ** piety under Okawaru
  4107 | D:5      | Reached skill level 10 in Axes
  4107 | D:5      | Reached XP level 9. HP: 73/78 MP: 9/9
  4112 | D:5      | Found Vyxtaigi's Food Boutique.
  4471 | D:5      | Found a shattered altar of Ashenzari.
  4564 | D:6      | Found a basalt altar of Yredelemnul.
  4653 | D:6      | Found a deep blue altar of Sif Muna.
  4756 | D:6      | Noticed Edmund
  4763 | D:6      | Killed Edmund
  4763 | D:6      | Reached skill level 11 in Axes
  4894 | D:7      | Found a glowing silver altar of Zin.
  4904 | D:7      | Found Fylisiwi's Assorted Antiques.
  5031 | D:7      | Reached *** piety under Okawaru
  5144 | D:7      | Found a shimmering altar of Xom.
  5289 | D:7      | Reached skill level 12 in Axes
  5419 | D:7      | Reached XP level 10. HP: 77/86 MP: 10/10
  5604 | D:7      | Bought a pair of runed boots for 217 gold pieces
  5942 | D:8      | Noticed a two-headed ogre
  5952 | D:8      | Killed a two-headed ogre
  5952 | D:8      | Reached **** piety under Okawaru
  6221 | D:8      | Reached skill level 13 in Axes
  6588 | D:9      | Found a transporter.
  6591 | D:9      | Noticed a purple ugly thing
  6592 | D:9      | Found a transporter.
  6632 | D:9      | Found a transporter.
  6647 | D:9      | Found a transporter.
  6647 | D:9      | Found a transporter.
  7373 | D:9      | Killed a purple ugly thing
  7373 | D:9      | Received a gift from Okawaru
  7373 | D:9      | Reached ***** piety under Okawaru
  7373 | D:9      | Reached skill level 14 in Axes
  7374 | D:9      | Reached XP level 11. HP: 79/95 MP: 11/11
  7384 | D:9      | Identified the Collected Works on the Entourage and
                  | Transformation
  7470 | D:10     | Entered Level 10 of the Dungeon
  7705 | D:10     | Noticed Harold
  7726 | D:10     | Killed Harold
  7878 | D:10     | Found a staircase to the Lair.
  8253 | D:10     | Noticed an ettin
  8263 | D:10     | Slain by an ettin

Skill      XL: |  1  2  3  4  5  6  7  8  9 10 11 |
---------------+----------------------------------+-----
Fighting       | 4 5 6 7 8 9 |  9.1
Axes           | 3 4 6 7 10 12 14 | 14.7
Armour         | 4 5 6 7 8 |  8.3
Shields        | 4 5 6 7 9 |  9.4
Invocations    | |  0.4

Action                   |  1- 3 |  4- 6 |  7- 9 | 10-12 || total
-------------------------+-------+-------+-------+-------++-------
Melee: War axe           |   128 |   272 |   397 |   293 ||  1090
Invok: Heroism           |       |       |       |     2 ||     2
  Use: Scroll            |     2 |       |     6 |     5 ||    13
  Eat: Chunk             |       |     6 |     9 |     5 ||    20
       Ration            |       |     2 |     3 |     1 ||     6
Armor: Scale mail        |    14 |       |       |       ||    14
       Crystal plate arm |    93 |   194 |   231 |   173 ||   691
Dodge: Dodged            |    13 |    18 |    32 |    30 ||    93
Block: Shield            |    91 |   138 |   225 |   181 ||   635
